 Dungeon Crawl Stone Soup version 0.25-a0-290-g4a1327ee3a (webtiles) character file.

Game seed: 12158796676846353816, levelgen mode: deterministic

28 1312 the Slasher (level 3, 14/27 HPs)
             Began as a Demonspawn Gladiator on Dec 14, 2019.
             Quit the game on level 1 of the Dungeon.
             The game lasted 00:02:39 (834 turns).

1312 the Slasher (Demonspawn Gladiator)              Turns: 834, Time: 00:02:39

Health: 14/27      AC:  4    Str: 15    XL:     3   Next: 0%
Magic:  3/3        EV: 13    Int:  9    God:
Gold:   0          SH:  0    Dex: 16    Spells: 2/2 levels left

rFire    . . .     SeeInvis .   a - +0 long sword
rCold    . . .     Gourm    .   (no shield)
rNeg     . . .     Faith    .   b - +0 leather armour
rPois    .         Spirit   .   c - +0 helmet
rElec    .         Reflect  .   (no cloak)
rCorr    .         Harm     .   (no gloves)
MR       .....                  (no boots)
Stlth    ++........             (no amulet)
HPRegen  0.09/turn              (no ring)
MPRegen  0.08/turn              (no ring)

@: no status effects
A: thin skeletal structure 1, powered by death 1
a: no special abilities


You were on level 1 of the Dungeon.
You were not hungry.

You visited 1 branch of the dungeon, and saw 1 of its levels.

Inventory:

Hand Weapons
 a - a +0 long sword (weapon)
Missiles
 d - 3 throwing nets (quivered)
Armour
 b - a +0 leather armour (worn)
 c - a +0 helmet (worn)
Jewellery
 h - a cursed ring of resist corrosion {unknown}
Scrolls
 e - a scroll of fog {unknown}
 g - a scroll of amnesia {unknown}
 j - a scroll of teleportation {unknown}
 k - a scroll of enchant weapon {unknown}
 l - a scroll of remove curse {unknown}
 m - a scroll of enchant armour {unknown}
Potions
 i - 2 potions of curing {unknown}
 n - a potion of degeneration {unknown}
Comestibles
 f - 2 rations


   Skills:
 + Level 2.2 Fighting
 + Level 3.1 Long Blades
 + Level 1.9 Throwing
 + Level 0.5 Armour
 + Level 2.8 Dodging
 + Level 0.8 Stealth


You had 2 spell levels left.
You didn't know any spells.
Your spell library was empty.

Dungeon Overview and Level Annotations

Branches:
Dungeon (1/15)

Altars:


Innate Abilities, Weirdness & Mutations

You have a somewhat thin skeletal structure. (Dex +2, Stealth)
You regenerate a little health from kills.


Message History

The goblin is heavily wounded.
The goblin barely misses you.
You barely miss the goblin.
The goblin is heavily wounded.
The goblin barely misses you.
You closely miss the goblin.
The goblin is heavily wounded.
The goblin closely misses you.
You riposte.
You hit the goblin.
You kill the goblin!
You have reached level 3!
Your experience leads to an increase in your attributes!
Increase (S)trength, (I)ntelligence, or (D)exterity?
You feel stronger.
Your demonic ancestry asserts itself...
Your bones become slightly less dense.
You are not religious.
You are not religious.
Unknown command.
New annotation for D:1 (include '!' for warning):
Okay, then.
Are you sure you want to abandon this character and quit the game? (Confirm with "yes".)

........##.######.....#
#..........#####......#
#.............).......#
#.#...........###..####
# #...........###..#
#...............##
#............#.##
####.#.......#.#
#..........#@#
#..#.......#.# #.
...##.###.# . #)#
....###.######
#..........#
#..........#
#......(...#
#..........#


There were no monsters in sight!

Vanquished Creatures
  5 bats (D:1)
  2 giant cockroaches (D:1)
  6 goblins (D:1)
  5 hobgoblins (D:1)
  4 kobolds (D:1)
  A frilled lizard (D:1)
  2 rats (D:1)
25 creatures vanquished.

Notes
Turn   | Place    | Note
-------+----------+-------------------------------------------
     0 | D:1      | 1312 the Demonspawn Gladiator began the quest for the Orb.
     0 | D:1      | Reached XP level 1. HP: 16/16 MP: 1/1
   660 | D:1      | Gained mutation: You regenerate a little health from kills.
                  | [demonic ancestry]
   660 | D:1      | Reached XP level 2. HP: 21/22 MP: 2/2
   663 | D:1      | Reached skill level 3 in Long Blades
   826 | D:1      | Gained mutation: You have a somewhat thin skeletal
                  | structure. (Dex +2, Stealth) [demonic ancestry]
   826 | D:1      | Reached XP level 3. HP: 11/27 MP: 3/3
   834 | D:1      | Quit the game

Levels and vault maps discovered:
D:1:      dpeg_arrival_simpleton_c, layout_rooms, nrook_uturn,
          chequers_serial_rivers_micro_c

Skill      XL: |  1  2 |
---------------+-------+-----
Long Blades    | 3 |  3.1
Fighting       | |  2.2
Throwing       | |  1.9
Armour         | |  0.5
Dodging        | |  2.8
Stealth        | |  0.8

Action                   || total
-------------------------++-------
Melee: Long sword        ||    78
Armor: Leather armour    ||    33
Dodge: Dodged            ||    59
       Rpst.: Long sword ||    17

Table legend:
 A = Non-vault XP
 B = Vault XP
 C = Vault XP percentage of total XP
 D = Non-vault monster count
 E = Vault monster count
 F = Vault count percentage of total count
                 A         B        C        D         E       F
            +---------+---------+-------+---------+---------+-------
      Total |      41 |       0 |   0.0 |      25 |       0 |   0.0
            +---------+---------+-------+---------+---------+-------
        D:1 |      41 |       0 |   0.0 |      25 |       0 |   0.0
            +---------+---------+-------+---------+---------+-------
